 Dungeon Crawl Stone Soup version 0.22-a0-252-gcace5d2 (webtiles) character file.

217 KristoblXynda the Chucker (level 5, -1/41 HPs)
             Began as a Draconian Hunter on Mar 1, 2018.
             Killed by divine providence
             ... invoked by an orc priest
              (14 damage)
             ... on level 4 of the Dungeon.
             The game lasted 00:06:33 (3203 turns).

KristoblXynda the Chucker (Draconian Hunter)        Turns: 3203, Time: 00:06:34

Health: -1/41      AC:  7    Str: 15    XL:     5   Next: 62%
Magic:  5/5        EV: 12    Int: 12    God:
Gold:   135        SH:  5    Dex: 11    Spells: 4/4 levels left

rFire    . . .     SeeInvis .   t - +0 mace
rCold    . . .     Gourm    .   h - +2 buckler
rNeg     . . .     Faith    .   (armour unavailable)
rPois    .         Spirit   .   o - +2 hat
rElec    .         Reflect  .   (no cloak)
rCorr    .         Harm     .   (no gloves)
MR       .....                  (no boots)
Stlth    +.........             (no amulet)
HPRegen  0.13/turn              (no ring)
MPRegen  0.09/turn              (no ring)

@: very slightly contaminated
A: unfitting armour, cold-blooded, AC +5
a: no special abilities


You were on level 4 of the Dungeon.
You were hungry.

You visited 1 branch of the dungeon, and saw 4 of its levels.

You collected 135 gold pieces.

Inventory:

Hand Weapons
 t - a +0 mace (weapon)
Armour
 h - a +2 buckler (worn)
 o - a +2 hat (worn)
 q - a +1 shield
Scrolls
 f - a scroll of random uselessness {unknown}
 g - a scroll of immolation
 i - a scroll of teleportation
 j - a scroll of enchant weapon {unknown}
 k - a scroll of magic mapping
 l - a scroll of fog {unknown}
 m - 2 scrolls of remove curse
 p - a scroll of enchant armour
 r - a scroll of fear {unknown}
 s - a scroll of amnesia {unknown}
Comestibles
 d - 4 rations


   Skills:
 - Level 2.1 Fighting
 + Level 0.5 Maces & Flails
 + Level 5.1 Throwing
 + Level 4.0 Dodging
 - Level 0.8 Stealth


You had 4 spell levels left.
You didn't know any spells.

Dungeon Overview and Level Annotations

Branches:
Dungeon (4/15)
 Temple: D:4-7

Altars:
Makhleb


Innate Abilities, Weirdness & Mutations

Your plain brown scales are hard. (AC +5)
You cannot fit into any form of body armour.
You are cold-blooded and may be slowed by cold attacks.


Message History

Aim: an orc priest, wielding a flail of crushing You throw a throwing net.
The throwing net hits the orc priest.
The orc priest is caught in the net!
The orc priest struggles against the net.
You catch the helpless orc priest completely off-guard!
You hit the orc priest. You tail-slap the orc priest.
The orc priest is severely wounded.
The orc priest struggles against the net. x2
You hit the orc priest.
The orc priest is almost dead.
The orc priest struggles against the net.
You barely miss the orc priest.
The orc priest is almost dead.
The orc priest struggles against the net.
The net rips apart, and the orc priest comes free!
You closely miss the orc priest.
The orc priest is almost dead.
The orc priest calls down the wrath of Beogh upon you.
Beogh smites you!
You die...

#...####.####.## #
#.####.# #. #......#
#.# ######'## #.#
##...## #.## ##.....##
#..## ##.......##
######...####..(......#
....(...Wo@.'.........+
######..(####.........#
#o...†..## ##.......##
#.####..# ##.....##
#..# ##...## #..# ##+##
)..# .##.. . #.#


You could see a phantom and an orc priest.

Vanquished Creatures
  A scorpion (D:4)
  2 hounds
  An orc priest (D:4)
  2 adders
  An ooze (D:3)
  An adder skeleton (D:4)
  3 worms
  A dart slug (D:1)
  2 leopard geckos
  5 orcs (D:4)
  2 giant cockroaches
  3 goblins
  5 hobgoblins
  5 jackals (D:3)
  A quokka (D:4)
  9 bats
  6 frilled lizards
  10 kobolds
  5 rats
65 creatures vanquished.

Notes
Turn   | Place    | Note
-------+----------+-------------------------------------------
     0 | D:1      | KristoblXynda the Draconian Hunter began the quest for the Orb.
     0 | D:1      | Reached XP level 1. HP: 17/17 MP: 1/1
   170 | D:1      | Reached XP level 2. HP: 9/24 MP: 2/2
   792 | D:1      | Reached skill level 4 in Throwing
   963 | D:2      | Reached XP level 3. HP: 11/29 MP: 3/3
  1504 | D:2      | Reached XP level 4. HP: 31/36 MP: 4/4
  2051 | D:2      | Found a burning altar of Makhleb.
  2135 | D:3      | Noticed a two-headed ogre
  2560 | D:4      | Reached XP level 5. HP: 22/41 MP: 5/5
  2580 | D:4      | Reached skill level 5 in Throwing
  3168 | D:4      | Noticed a phantom
  3203 | D:4      | Killed from afar by an orc priest

Vault maps used:
D:1:      tarquinn_simple_flora_water_e
D:2:      makhleb_blood_cavern_becter
D:3:      first_ration, grunt_ministairs_8
D:4:      minmay_temple_entry_hall, uniq_sigmund

Skill      XL: |  1  2  3  4  5 |
---------------+----------------+-----
Dodging        | 2 3 4 |  4.0
Throwing       | 4 5 |  5.1
Fighting       | |  2.1
Maces & Flails | |  0.5
Stealth        | |  0.8

Action                   |  1- 3 |  4- 6 || total
-------------------------+-------+-------++-------
Melee: Short sword       |   144 |    52 ||   196
       Tailslap          |    15 |    12 ||    27
       Mace              |       |    93 ||    93
Throw: Javelin           |     3 |     7 ||    10
       Throwing net      |       |     2 ||     2
  Use: Scroll            |       |     8 ||     8
       Potion            |       |     3 ||     3
 Stab: Distracted        |     1 |       ||     1
       Sleeping          |       |     3 ||     3
       Held in net/web   |       |     1 ||     1
  Eat: Chunk             |     2 |     5 ||     7
Armor: Skin              |    48 |    52 ||   100
Dodge: Dodged            |   118 |   115 ||   233
Block: Buckler           |       |    21 ||    21

Table legend:
 A = Spawn XP
 B = Non-spawn XP
 C = Spawn XP percentage of total XP
 D = Spawn monster count
 E = Non-spawn monster count
 F = Spawn count percentage of total count
 G = Total turns spent on level
                    A         B        C        D         E        F      G
               +---------+---------+-------+---------+---------+-------+---------
         Total |       0 |     311 |   0.0 |       0 |      65 |   0.0 |  3203
               +---------+---------+-------+---------+---------+-------+---------
           D:1 |       0 |      27 |   0.0 |       0 |      16 |   0.0 |   829
           D:2 |       0 |      91 |   0.0 |       0 |      19 |   0.0 |  1306
           D:3 |       0 |      41 |   0.0 |       0 |      19 |   0.0 |   416
           D:4 |       0 |     152 |   0.0 |       0 |      11 |   0.0 |   652
               +---------+---------+-------+---------+---------+-------+---------
